 Dungeon Crawl Stone Soup version 0.27-a0-1548-gf8a67e7463 (webtiles) character file.

Game seed: 11057578269876551870

80 Spaninq the Ruffian (level 4, -6/36 HPs)
             Began as a Draconian Transmuter on July 13, 2021.
             Mangled by a phantom (7 damage)
             ... on level 4 of the Dungeon.
             The game lasted 00:05:40 (1073 turns).

Spaninq the Ruffian (Draconian Transmuter)          Turns: 1073, Time: 00:05:41

Health: -6/36      AC:  5    Str: 13    XL:     4   Next: 18%
Magic:  7/7        EV: 12    Int: 14    God:
Gold:   81         SH:  0    Dex: 11    Spells: 6/7 levels left

rFire    + . .     SeeInvis .     - Unarmed
rCold    . . .     Faith    .   (no shield)
rNeg     . . .     Spirit   .   (armour unavailable)
rPois    .         Reflect  .   (helmet restricted)
rElec    .         Harm     .   (no cloak)
rCorr    .         Rampage  .   (no gloves)
Will     .....                  (no boots)
Stlth    +.........             (no amulet)
HPRegen  0.12/turn              c - ring of protection from fire
MPRegen  0.10/turn              (no ring)

@: mighty
A: AC +5, unfitting armour, cold-blooded
a: no special abilities


You were on level 4 of the Dungeon.
You visited 1 branch of the dungeon, and saw 3 of its levels.

You collected 81 gold pieces.

Inventory:

Jewellery
 c - a ring of protection from fire (left hand)
 e - the ring "Hawkass" {rF+ rN+ Dex+2}
   (You found it on level 4 of the Dungeon)

   [ring of protection from fire]

   Dex:       It affects your dexterity (+2).
   rF:        It protects you from fire.
   rN:        It protects you from negative energy.


   Skills:
 + Level 2.0 Fighting
 + Level 2.3 Dodging
 * Level 3.8 Unarmed Combat
 + Level 2.4 Spellcasting
 + Level 2.4 Transmutations


You had 6 spell levels left.
You knew the following spells:

 Your Spells              Type           Power      Damage    Failure   Level
a - Beastly Appendage     Tmut           16%        N/A       9%          1

Your spell library contained the following spells:

 Spells                   Type           Power      Damage    Failure   Level
 Wereblood                Tmut           8%         N/A       13%         2
 Spider Form              Tmut/Pois      2%         N/A       38%         3
 Ice Form                 Ice/Tmut       5%         N/A       80%         4


Dungeon Overview and Level Annotations

Branches:
Dungeon (2/15)             Temple (0/1) D:4

Altars:

Shops:
D:1 [:

Annotations:
D:2 Natasha


Innate Abilities, Weirdness & Mutations

Your plain brown scales are hard. (AC +5)
You cannot fit into any form of body armour.
You are cold-blooded and may be slowed by cold attacks.


Message History

You hit the endoplasm. Your kick misses the endoplasm.
You tail-slap the endoplasm.
You kill the endoplasm!
Your transformation is almost over.
You hit the kobold.
Your tail-slap misses the kobold.
The kobold is moderately wounded.
The kobold hits you with a +0 dagger. The phantom closely misses you.
You barely miss the kobold. Your kick misses the kobold.
You headbutt the kobold.
You kill the kobold!
The phantom hits you.
* * * LOW HITPOINT WARNING * * *
You hit the hobgoblin but do no damage.
You claw the hobgoblin, but do no damage.
You headbutt the hobgoblin, but do no damage.
The hobgoblin completely misses you. The phantom hits you.
* * * LOW HITPOINT WARNING * * *
You hit the hobgoblin but do no damage. Your headbutt misses the hobgoblin.
The hobgoblin barely misses you. The phantom misses you.
You hit the hobgoblin.
You claw the hobgoblin, but do no damage.
The hobgoblin is severely wounded.
The hobgoblin closely misses you.
You hit the hobgoblin. Your kick misses the hobgoblin.
The hobgoblin is almost dead.
The phantom barely misses you. The hobgoblin hits you.
* * * LOW HITPOINT WARNING * * *
It was a potion of might.
You feel very mighty all of a sudden. The phantom hits you.
* * * LOW HITPOINT WARNING * * *
The hobgoblin barely misses you.
You punch the hobgoblin!
You kill the hobgoblin!
The phantom misses you.
You punch the steam dragon!
The steam dragon is heavily wounded.
Your horns disappear.
Your talons disappear.
The phantom hits you!
You die...

,8,*,* *,,,,,*#...#
,,,,,* *******#...#
,>,8,* #...## ,,,,,*
##..O#
,8,*,******#####..#.#
*,**,,,,,,,.........#
,,,,,,*****#######..#
,,,,,,***###:#####SO#
**,*,,,,,......D@WO##
**,*,,,,,.....######
**,******###*** **,*
**,* ,,,* ,,** *,*
*,*


You could see a steam dragon, a phantom, 2 ogres and a ball python.

Vanquished Creatures
  A water moccasin skeleton (D:4)
  An adder (D:2)
  An orc (D:4)
  2 endoplasms (D:4)
  5 giant cockroaches
  A goblin (D:1)
  4 hobgoblins
  A jackal (D:4)
  A ball python (D:1)
  2 bats (D:1)
  2 frilled lizards
  2 kobolds
  3 rats (D:1)
26 creatures vanquished.

Notes
Turn   | Place    | Note
-------+----------+-------------------------------------------
     0 | D:1      | Spaninq the Draconian Transmuter began the quest for the
                  | Orb.
     0 | D:1      | Reached XP level 1. HP: 16/16 MP: 3/3
   351 | D:1      | Reached XP level 2. HP: 22/23 MP: 3/5
   411 | D:1      | Found Ysuoxtel's Armour Emporium.
   501 | D:1      | Found a faded altar of an unknown god.
   534 | D:1      | Found Soucej's Book Boutique.
   767 | D:2      | Noticed Natasha
   769 | D:2      | Noticed a crimson imp
   906 | D:2      | You fall into a shaft and drop 2 floors!
   915 | D:4      | Reached XP level 3. HP: 26/29 MP: 4/6
   915 | D:4      | Reached XP level 4. HP: 32/36 MP: 4/7
   981 | D:4      | Noticed a phantom
   987 | D:4      | Identified the ring "Hawkass" {rF+ rN+ Dex+2}
  1002 | D:4      | Noticed an ogre
  1036 | D:4      | Noticed an ogre
  1057 | D:4      | Noticed a steam dragon
  1071 | D:4      | HP: 1/36 [phantom (2)]
  1073 | D:4      | Mangled by a phantom

Illustrated notes

Levels and vault maps discovered:
D:1:      nagdon_arrival_double_spiral, layout_basic,
          ebering_ecumenical_altar_webs, serial_shops, nicolae_lakefront_shop,
          shop
D:2:      wander_river, layout_loops_cross, basic_altar, uniq_natasha
D:4:      layout_loops_cross, mainiacjoe_overflow_cross_hatched,
          lemuel_coloured_pillars_altar, minmay_temple_entry_statues_pillars,
          minmay_manual_monolith, uniq_blork_the_orc

Skill      XL: |  1  2 |
---------------+-------+-----
Dodging        | 2 |  2.3
Fighting       | 2 |  2.0
Unarmed Combat | |  3.8
Spellcasting   | |  2.4
Transmutations | |  2.4

Action                   |  1- 3 |  4- 6 || total
-------------------------+-------+-------++-------
Melee: Unarmed           |    53 |    20 ||    73
       Tailslap          |     8 |     1 ||     9
       Headbutt          |     5 |     3 ||     8
       Kick              |     7 |     5 ||    12
       Punch             |     1 |       ||     1
 Cast: Beastly Appendage |     9 |     3 ||    12
  Use: Potion            |       |     2 ||     2
       Scroll            |       |     1 ||     1
Armor: Skin              |    20 |     7 ||    27
Dodge: Dodged            |    34 |    27 ||    61

Table legend: (Time is in decaauts)
 A = Elapsed time spent in this place.
 B = Non-inter-level travel time spent in this place.
 C = Inter-level travel time spent in this place.
 D = Time resting spent in this place.
 E = Time spent auto-exploring this place.
 F = Levels seen in this place.
 G = Mean time per level.
                   A        B        C        D        E       F      G
               +--------+--------+--------+--------+--------+-----+--------+
         Total |   1068 |    941 |    127 |      0 |    647 |   3 |  356.0 |
       Dungeon |   1068 |    941 |    127 |      0 |    647 |   3 |  356.0 |
               +--------+--------+--------+--------+--------+-----+--------+

Top non-repeatable levels by time:
     D:1: 852 daAuts
     D:4: 165 daAuts
     D:2: 50 daAuts
